 Dungeon Crawl Stone Soup version 0.29.1-15-g9cfb28693d (webtiles) character file.

Game seed: 14348456684068294979

0 Ijustatesigmund the Digger (level 1, -4/10 HPs)
             Began as a Gargoyle Earth Elementalist on Apr 28, 2023.
             Slain by a gnoll
             ... wielding a +0 spear
              (7 damage)
             ... on level 1 of the Dungeon.
             The game lasted 00:00:25 (35 turns).

Ijustatesigmund the Digger (GrEE)                     Turns: 35, Time: 00:00:26

Health: -4/10      AC:  4    Str: 11    XL:     1   Next: 10%
Magic:  0/3        EV: 11    Int: 15    God:
Gold:   0          SH:  0    Dex: 10    Spells: 3/4 levels left

rFire   . . .      SeeInvis .   (no weapon)
rCold   . . .      Faith    .   (no shield)
rNeg    + . .      Spirit   .   a - +0 robe
rPois   ∞          Reflect  .   (no helmet)
rElec   +          Harm     .   (no cloak)
rCorr   .          Rampage  .   (no gloves)
Will    .....                   (no boots)
Stlth   ++........              (no amulet)
HPRegen 0.03/turn               (no ring)
MPRegen 0.08/turn               (no ring)

@: no status effects
A: sickness immunity, AC +2, negative energy resistance 1, electricity
resistance, torment resistance 1, petrification resistance
a: no special abilities


You were on level 1 of the Dungeon.
You visited 1 branch of the dungeon, and saw 1 of its levels.

Inventory:

Armour
 a - a +0 robe (worn)
Scrolls
 c - a scroll of fear {unknown}
Potions
 b - a potion of magic


   Skills:
 - Level 1.5 Dodging
 - Level 2.1 Stealth
 + Level 2.0 Spellcasting
 - Level 0.7 Transmutations
 + Level 3.6 Earth Magic


You had 3 spell levels left.
You knew the following spells:

 Your Spells              Type           Power      Damage    Failure   Level
a - Sandblast             Erth           24%        2d8       4%          1

Your spell library contained the following spells:

 Spells                   Type           Power      Damage    Failure   Level
 Passwall                 Tmut/Erth      6%         N/A       14%         2
 Stone Arrow              Conj/Erth      14%        3d7       30%         3
 Petrify                  Tmut/Erth      8%         N/A       65%         4


Dungeon Overview and Level Annotations

Branches:
Dungeon (1/15)

Altars:


Innate Abilities, Weirdness & Mutations

You are immune to sickness and miasma.
Your stone body is resilient. (AC +2)
You are immune to poison.
You resist negative energy. (rN+)
You are resistant to electric shocks. (rElec)
You are resistant to unholy torment.
You are immune to petrification.


Message History

Aim: a frilled lizard (70% to hit)
The blast of sand hits the frilled lizard!
You kill the frilled lizard!
Casting: Sandblast (safe; 4% risk of failure)
Confirm with . or Enter, or press ? or * to list all spells.
Aiming: Sandblast (safe; 4% risk of failure)
Press: ? - help, Shift-Dir - straight line, f - gnoll
Aim: a gnoll, wielding a +0 spear (84% to hit)
The blast of sand hits the gnoll.
The gnoll is moderately wounded.
Casting: Sandblast (safe; 4% risk of failure)
Confirm with . or Enter, or press ? or * to list all spells.
Aiming: Sandblast (safe; 4% risk of failure)
Press: ? - help, Shift-Dir - straight line, f/p - gnoll
Aim: a gnoll, wielding a +0 spear (moderately wounded, 84% to hit)
The blast of sand hits the gnoll.
The gnoll is heavily wounded.
The gnoll closely misses you.
There is a staircase leading out of the dungeon here.
The gnoll hits you but does no damage.
You closely miss the gnoll.
The gnoll is heavily wounded.
The gnoll misses you.
You closely miss the gnoll.
The gnoll is heavily wounded.
The gnoll barely misses you.
You barely miss the gnoll.
The gnoll is heavily wounded.
The gnoll barely misses you.
You hit the gnoll.
The gnoll is severely wounded.
The gnoll barely misses you.
You hit the gnoll. You punch the gnoll, but do no damage.
The gnoll is severely wounded.
The gnoll hits you with a +0 spear!
Ouch! That really hurt!
* * * LOW HITPOINT WARNING * * *
The gnoll attacks as you move away! The gnoll hits you with a +0 spear!
Ouch! That really hurt!
You die...

### ##.## # ##...##
.## ##..∩..## ....
######.......#.....
#<@g..†............
########+#####.....
..... .... .... ...
...


You could see a gnoll.

Vanquished Creatures
  A frilled lizard (D:1)
1 creature vanquished.

Notes
Turn   | Place    | Note
-------+----------+-------------------------------------------
     0 | D:1      | Ijustatesigmund the Gargoyle Earth Elementalist began the
                  | quest for the Orb.
     0 | D:1      | Reached XP level 1. HP: 10/10 MP: 3/3
    35 | D:1      | Slain by a gnoll

Illustrated notes

Levels and vault maps discovered:
D:1:      amcnicky_arrival_feature_with_door, layout_basic, lemuel_flame_loot_1

Action                   || total
-------------------------++-------
Melee: Unarmed           ||     5
       Punch             ||     1
 Cast: Sandblast         ||     3
Armor: Robe              ||     1
Dodge: Dodged            ||     5
